 Dungeon Sprint DCSS version 0.30.0-29-ga12c61a403 (webtiles) character file.

Game seed: 5963739317382468751

151 Groucho the Chopper (level 5, -7/50 HPs)
             Began as a Minotaur Cinder Acolyte on June 17, 2023.
             Was an Initiate of Cheibriados.
             Mangled by an unseen horror (10 damage)
             ... in the Dungeon (Sprint IX: "|||||||||||||||||||||||||||||").
             The game lasted 00:01:59 (311 turns).

Groucho the Chopper (Minotaur Cinder Acolyte)        Turns: 311, Time: 00:01:59

Health: -7/50      AC:  4    Str: 19    XL:     5   Next: 10%
Magic:  5/7        EV: 13    Int: 14    God:    Cheibriados [......]
Gold:   0          SH:  0    Dex: 10    Spells: 8/8 levels left

rFire   . . .        a - -1 hand axe (flame)
rCold   . . .        (no shield)
rNeg    . . .        b - +0 robe
rPois   .            (helmet restricted)
rElec   .            (no cloak)
rCorr   .            (no gloves)
SInv    .            (no boots)
Will    .....        (no amulet)
Stlth   +            k - +3 ring of dexterity
HPRegen 0.28/turn    l - +2 ring of protection
MPRegen 0.10/turn

%: no teleportation
@: invisible, fire susceptible, very slow
A: horns 2, retaliatory headbutt
a: Renounce Religion


You were in the Dungeon.
You worshipped Cheibriados.
Cheibriados was noncommittal.
You visited 1 branch

Inventory:

Hand Weapons
 a - a -1 hand axe of flaming (weapon)
Armour
 b - a +0 robe (worn)
Jewellery
 k - a +3 ring of dexterity (left hand)
 l - a +2 ring of protection (right hand)
Wands
 j - a wand of roots (10)
Scrolls
 h - 2 scrolls of blinking
 i - 2 scrolls of amnesia
Potions
 d - a potion of heal wounds
 e - a potion of haste
 f - 4 potions of magic
 g - 4 potions of curing


   Skills:
 + Level 6.1 Fighting
 * Level 6.5 Axes
 * Level 5.2 Armour
 * Level 4.8 Dodging
 + Level 2.3 Spellcasting
 + Level 3.2 Fire Magic
 + Level 1.8 Invocations


You had 8 spell levels left.
You didn't know any spells.
Your spell library contained the following spells:

 Spells                   Type           Power      Damage    Failure   Level
 Scorch                   Fire           20%        2d5       9%          2


Dungeon Overview and Level Annotations

Branches:
Dungeon (1/1)

Altars:
Cheibriados
Dithmenos
Elyvilon
Fedhas
Gozag
Hepliaklqana
Kikubaaqudgha
Makhleb
Nemelex Xobeh
Okawaru
Qazlal
Ru
Sif Muna
Trog
Uskayaw
Vehumet
Wu Jian
Xom
Yredelemnul
Zin
The Shining One
Jiyva
Lugonu


Innate Abilities, Weirdness & Mutations

You have a pair of horns on your head.
You reflexively headbutt those who attack you in melee.


Message History

Unknown command.
You hit the centaur. You burn the centaur.
The centaur is almost dead.
The centaur closely misses you. You furiously retaliate!
You headbutt the centaur!
You kill the centaur!
Cheibriados appreciates the change of pace.
Your Fighting skill increases to level 6!
Your Axes skill increases to level 6!
Your Armour skill gained 2 levels and is now at level 5!
Your Dodging skill increases to level 4!
Your Spellcasting skill increases to level 2!
Your Fire Magic skill increases to level 3!
Your Invocations skill increases to level 1!
You have reached level 5!
Unknown command.
Unknown command.
Unknown command.
You fade into invisibility!
Something hits you but does no damage.
Deactivating autopickup; reactivate with Ctrl-A.
Something hits you!
Unknown command.
Unknown command.
You feel much better. Something hits you.
The gnoll sergeant hits you from afar with a +2 spear of pain!
You writhe in agony.
Unknown command.
Unknown command.
You hit something. You burn something. Your headbutt misses something.
Something hits you! x2
* * * LOW HITPOINT WARNING * * *
The wyvern hisses menacingly.
You hit something but do no damage. Something hits you but does no damage.
Something hits you.
* * * LOW HITPOINT WARNING * * *
You closely miss something. Something hits you!
* * * LOW HITPOINT WARNING * * *
Something hits you!
You die...

▓.▓
▓.▓
▓o▓
▓l▓
▓T▓
▓g▓
▓{▓
▓@▓
▓.▓
▓[▓
▓[▓
▓[▓
▓.▓
▓)▓
▓.▓
▓.▓


You could see a troll (unable to see you), a wyvern (unable to see you), a gnoll
sergeant (unable to see you) and an orc priest (unable to see you).

Vanquished Creatures
  A centaur (D)
  A hound (D)
  A sleepcap (D)
  3 orcs (D)
  An endoplasm (D)
  A goblin (D)
  A quokka (D)
  A bat (D)
  A rat (D)
11 creatures vanquished.

Notes
Turn   | Place    | Note
-------+----------+-------------------------------------------
     0 | D        | Groucho the Minotaur Cinder Acolyte began the quest for the
                  | Orb.
     0 | D        | Reached XP level 1. HP: 19/19 MP: 1/1
     9 | D        | Reached skill level 1 in Armour
    10 | D        | Reached skill level 1 in Dodging
   169 | D        | Noticed a sleepcap
   169 | D        | Noticed a hound
   177 | D        | Killed a hound
   178 | D        | Reached XP level 2. HP: 11/28 MP: 1/3
   178 | D        | Reached XP level 3. HP: 14/35 MP: 1/4
   186 | D        | Reached skill level 5 in Fighting
   186 | D        | Reached skill level 5 in Axes
   190 | D        | Reached XP level 4. HP: 34/42 MP: 1/5
   257 | D        | Found a snail-covered altar of Cheibriados.
   257 | D        | Found a shadowy altar of Dithmenos.
   257 | D        | Found a white marble altar of Elyvilon.
   257 | D        | Found a blossoming altar of Fedhas.
   257 | D        | Found an opulent altar of Gozag.
   258 | D        | Found a hazy altar of Hepliaklqana.
   259 | D        | Found a viscous altar of Jiyva.
   260 | D        | Found an ancient bone altar of Kikubaaqudgha.
   261 | D        | Fell from the grace of Ignis
   261 | D        | Became a worshipper of Cheibriados the Contemplative
   262 | D        | Found a corrupted altar of Lugonu.
   263 | D        | Found a burning altar of Makhleb.
   264 | D        | Found a sparkling altar of Nemelex Xobeh.
   265 | D        | Found an iron altar of Okawaru.
   266 | D        | Found a stormy altar of Qazlal.
   267 | D        | Found a sacrificial altar of Ru.
   268 | D        | Found a shimmering blue altar of Sif Muna.
   269 | D        | Found a bloodstained altar of Trog.
   270 | D        | Found a hide-covered altar of Uskayaw.
   271 | D        | Found a radiant altar of Vehumet.
   272 | D        | Found an ornate altar of the Wu Jian Council.
   273 | D        | Found a shimmering altar of Xom.
   274 | D        | Found a basalt altar of Yredelemnul.
   275 | D        | Found a glowing silver altar of Zin.
   276 | D        | Found a glowing golden altar of the Shining One.
   302 | D        | Noticed a wyvern
   302 | D        | Noticed a troll
   302 | D        | Noticed a gnoll sergeant
   302 | D        | Noticed a centaur
   306 | D        | Killed a centaur
   307 | D        | Reached skill level 5 in Armour
   307 | D        | Reached skill level 1 in Invocations
   307 | D        | Reached XP level 5. HP: 23/50 MP: 5/7
   311 | D        | Mangled by an unseen horror

Illustrated notes

Levels and vault maps discovered:
D:        linesprint [early_d, line_temple, items_1, d_10, items_2, lair_1,
          lair_end, items_3, orc_1, orc_end, items_4, d_15, swamp_1, shoals_1,
          snake_1, spider_1, d_20, vaults_1, items_5, swamp_end, shoals_end,
          snake_end, spider_end, vaults_end, d_27, items_6, zot_1, zot_end,
          crypt_end, forest_end, elf_end, slime_end, tomb_end, abyss_end,
          pan_hell_end]

Skill      XL: |  1  2  3  4 |
---------------+-------------+-----
Armour         | 3 5 |  5.2
Fighting       | 4 5 6 |  6.1
Axes           | 4 5 6 |  6.5
Dodging        | 2 3 4 |  4.8
Spellcasting   | 2 |  2.3
Fire Magic     | 3 |  3.2
Invocations    | 1 |  1.8

Action                     |  1- 3 |  4- 6 || total
---------------------------+-------+-------++-------
  Melee: Hand axe          |    28 |     7 ||    35
         Headbutt          |     2 |     1 ||     3
    Use: Potion            |     3 |     2 ||     5
 Armour: Robe              |     2 |     5 ||     7
  Dodge: Dodged            |    17 |     6 ||    23
